 Dungeon Crawl Stone Soup version 0.22-a0-601-gb0ed703 (webtiles) character file.

917 sking99 the Insei (level 7, -1/60 HPs)
             Began as a Black Draconian Transmuter on July 6, 2018.
             Was an Initiate of Okawaru.
             Slain by an orc warrior
             ... wielding a +0 scimitar
              (24 damage)
             ... on level 6 of the Dungeon.
             The game lasted 00:12:22 (6259 turns).

sking99 the Insei (Black Draconian Transmuter)      Turns: 6259, Time: 00:12:23

Health: -1/60      AC:  9    Str: 12    XL:     7   Next: 83%
Magic:  6/10       EV: 12    Int: 13    God:    Okawaru [......]
Gold:   250        SH:  0    Dex: 14    Spells: 7/10 levels left

rFire    . . .     SeeInvis .     - Unarmed
rCold    . . .     Gourm    .   (no shield)
rNeg     . . .     Faith    .   (armour unavailable)
rPois    .         Spirit   .   (helmet restricted)
rElec    +         Reflect  .   (no cloak)
rCorr    .         Harm     .   (no gloves)
MR       .....                  l - +1 pair of boots
Stlth    +.........             (no amulet)
HPRegen  0.20/turn              h - +1 ring of protection
MPRegen  0.12/turn              (no ring)

@: no status effects
A: breathe lightning, unfitting armour, electricity resistance, cold-blooded, AC
+6
a: Breathe Lightning, Renounce Religion


You were on level 6 of the Dungeon.
You worshipped Okawaru.
Okawaru was noncommittal.
You were very hungry.

You visited 2 branches of the dungeon, and saw 7 of its levels.

You collected 250 gold pieces.

Inventory:

Missiles
 a - 23 arrows (quivered)
Armour
 g - a +0 buckler
 l - a +1 pair of boots (worn)
Jewellery
 h - a +1 ring of protection (left hand)
Wands
 m - a wand of digging (9)
Scrolls
 f - a scroll of magic mapping
 n - 2 scrolls of remove curse
 o - 2 scrolls of teleportation
Potions
 b - a potion of might
 d - 2 potions of haste
 e - 3 potions of curing
 i - a potion of ambrosia
 j - 2 potions of mutation
 k - a potion of cancellation {unknown}
 p - 2 potions of lignification {unknown}
Comestibles
 c - 6 rations


   Skills:
 + Level 4.8 Fighting
 - Level 1.7 Dodging
 * Level 6.9 Unarmed Combat
 - Level 2.0 Spellcasting
 - Level 5.1 Transmutations


You had 7 spell levels left.
You knew the following spells:

 Your Spells              Type           Power        Failure   Level  Hunger
a - Beastly Appendage     Tmut           ##....       3%          1    ##.....
b - Sticks to Snakes      Tmut           ##......     4%          2    ###....

Your spell library contained the following spells:

 Spells                   Type           Power        Failure   Level  Hunger
 Spider Form              Tmut/Pois      #.........   26%         3    ####...
 Blade Hands              Tmut           ##........   65%         5    ######.
 Ice Form                 Ice/Tmut       #.......     65%         4    #####..


Dungeon Overview and Level Annotations

Branches:
Dungeon (6/15)             Temple (1/1) D:4

Altars:
Ashenzari
Cheibriados
Fedhas
Hepliaklqana
Kikubaaqudgha
Nemelex Xobeh
Okawaru
Qazlal
Sif Muna
Trog
Uskayaw
Vehumet
Wu Jian
Xom
Yredelemnul
Zin

Shops:
D:5 %


Innate Abilities, Weirdness & Mutations

You can breathe wild blasts of lightning.
Your glossy black scales are hard. (AC +6)
You cannot fit into any form of body armour.
You are resistant to electric shocks. (rElec)
You are cold-blooded and may be slowed by cold attacks.


Message History

The orc warrior is almost dead.
The orc warrior closely misses you.
Your ball python closely misses the orc warrior.
Your ball python completely misses the orc warrior.
You hit the orc warrior but do no damage.
Your tail-slap misses the orc warrior.
The orc warrior is almost dead.
Your ball python bites the orc warrior but does no damage.
Your ball python grabs the orc warrior.
Your ball python constricts the orc warrior.
The orc warrior hits you with a scimitar!
You hit the orc warrior but do no damage.
The orc warrior is almost dead.
Your ball python bites the orc warrior but does no damage.
Your ball python constricts the orc warrior.
You hit the orc warrior.
You tail-slap the orc warrior, but do no damage.
The orc warrior is almost dead.
The orc warrior hits you with a scimitar!!
You die...

#.# #
#.# .
#.##.
....
#..#
#.[#
#)>#
#@S#
#o.#
...#
#####


You could see an orc warrior and a friendly ball python.

Vanquished Creatures
  A phantom (D:4)
  2 ogres
  Blork the orc (D:5)
  A hound (D:5)
  An orc priest (D:4)
  A bullfrog skeleton (D:3)
  4 orc wizards
  A gnoll shaman (D:5)
  2 iguanas
  2 worker ants (D:4)
  Robin (D:3)
  4 gnolls (D:5)
  6 adders
  A shadow imp (D:5)
  2 oozes
  An adder zombie (D:5)
  2 adder skeletons (D:4)
  2 worms
  4 dart slugs
  5 leopard geckos
  16 orcs
  2 ball pythons (D:1)
  3 giant cockroaches
  13 goblins
  10 hobgoblins
  6 quokkas
  6 bats
  5 frilled lizards
  6 kobolds
  A leopard gecko skeleton (D:5)
  A quokka zombie (D:5)
  3 rats
116 creatures vanquished.

Vanquished Creatures (collateral kills)
  An ogre (D:4)
  An adder (D:2)
  A dart slug (D:4)
3 creatures vanquished.

Vanquished Creatures (others)
  A leopard gecko (D:2)
1 creature vanquished.

Grand Total: 120 creatures vanquished

Notes
Turn   | Place    | Note
-------+----------+-------------------------------------------
     0 | D:1      | sking99 the Draconian Transmuter began the quest for the Orb.
     0 | D:1      | Reached XP level 1. HP: 16/16 MP: 3/3
   151 | D:1      | Reached XP level 2. HP: 13/23 MP: 3/5
   537 | D:1      | Learned a level 2 spell: Sticks to Snakes
   958 | D:1      | Reached XP level 3. HP: 28/29 MP: 6/6
  1790 | D:2      | Found a bloodstained altar of Trog.
  1923 | D:2      | Found a blossoming altar of Fedhas.
  2061 | D:2      | Reached skill level 4 in Unarmed Combat
  2443 | D:3      | Reached XP level 4. HP: 31/36 MP: 7/7
  2947 | D:3      | Found an ancient bone altar of Kikubaaqudgha.
  2978 | D:3      | Reached XP level 5. HP: 26/42 MP: 6/8
  3099 | D:3      | Noticed Robin
  3116 | D:3      | Killed Robin
  3165 | D:3      | Found a snail-covered altar of Cheibriados.
  3226 | D:3      | Found a radiant altar of Vehumet.
  3736 | D:4      | Reached skill level 5 in Unarmed Combat
  3744 | D:4      | Reached XP level 6. HP: 49/51 MP: 9/9
  3866 | D:4      | Found a hazy altar of Hepliaklqana.
  4506 | D:4      | Found a staircase to the Ecumenical Temple.
  4521 | Temple   | Entered the Ecumenical Temple
  4709 | Temple   | Became a worshipper of Warmaster Okawaru
  4977 | D:4      | Your scales start taking on a glossy black colour.
  4977 | D:4      | Reached XP level 7. HP: 53/58 MP: 3/10
  4977 | D:4      | Gained mutation: You are resistant to electric shocks. (rElec) [Black Draconian growth]
  5051 | D:5      | Entered Level 5 of the Dungeon
  5093 | D:5      | Found Reovap's Food Emporium.
  5174 | D:5      | Reached skill level 6 in Unarmed Combat
  5193 | D:5      | Noticed Blork the orc
  5215 | D:5      | Killed Blork the orc
  5215 | D:5      | Reached skill level 5 in Transmutations
  5522 | D:5      | Found a sparkling altar of Nemelex Xobeh.
  6259 | D:6      | Slain by an orc warrior

Vault maps used:
D:1:      elethiomel_arrival_infinity_welcomes_careful_drivers
D:2:      lemuel_doored_altar, minmay_statues_item, minmay_crystal_water,
          trog_book
D:3:      vehumet_crystals, lemuel_crystal_altar, cheibriados_altar_1,
          uniq_robin
D:4:      marbit_many_paths, temple_fountains
D:5:      serial_shops, shop, first_ration, nemelex_diamond_rough_becter,
          uniq_blork_the_orc
D:6:      uniq_pikel
Temple:   compressed_dpeg_triangle_lava_temple

Skill      XL: |  1  2  3  4  5  6  7 |
---------------+----------------------+-----
Fighting       | 2 3 4 |  4.8
Unarmed Combat | 4 5 6 |  6.9
Transmutations | 3 4 5 |  5.1
Dodging        | |  1.7
Spellcasting   | |  2.0

Action                   |  1- 3 |  4- 6 |  7- 9 || total
-------------------------+-------+-------+-------++-------
Melee: Unarmed           |   160 |   234 |   104 ||   498
       Tailslap          |    16 |    30 |    19 ||    65
       Kick              |     1 |       |       ||     1
       Headbutt          |     4 |    19 |     3 ||    26
       Punch             |     2 |     7 |     2 ||    11
 Cast: Beastly Appendage |     8 |     9 |     4 ||    21
       Sticks to Snakes  |     3 |     7 |     6 ||    16
 Abil: Breathe Lightning |       |       |     3 ||     3
  Use: Scroll            |       |    13 |       ||    13
 Stab: Sleeping          |     1 |     2 |     1 ||     4
       Distracted        |       |       |     1 ||     1
  Eat: Chunk             |     2 |     9 |     4 ||    15
       Ration            |     1 |       |       ||     1
Armor: Skin              |    43 |    48 |    20 ||   111
Dodge: Dodged            |    85 |    98 |    49 ||   232

Table legend:
 A = Spawn XP
 B = Non-spawn XP
 C = Spawn XP percentage of total XP
 D = Spawn monster count
 E = Non-spawn monster count
 F = Spawn count percentage of total count
 G = Total turns spent on level
                    A         B        C        D         E        F      G
               +---------+---------+-------+---------+---------+-------+---------
         Total |       0 |    1311 |   0.0 |       0 |     119 |   0.0 |  6259
               +---------+---------+-------+---------+---------+-------+---------
           D:1 |       0 |      41 |   0.0 |       0 |      21 |   0.0 |  1077
           D:2 |       0 |      53 |   0.0 |       0 |      16 |   0.0 |  1363
           D:3 |       0 |     172 |   0.0 |       0 |      33 |   0.0 |  1164
           D:4 |       0 |     544 |   0.0 |       0 |      23 |   0.0 |  1247
           D:5 |       0 |     414 |   0.0 |       0 |      20 |   0.0 |  1186
           D:6 |       0 |      87 |   0.0 |       0 |       6 |   0.0 |    22
               +---------+---------+-------+---------+---------+-------+---------
